Map: Глубоководный риф РВ

Players

Insite

  • Race: Protoss Protoss
  • Spawn Location: 5:00

Shame - Winner!

  • Race: Zerg Zerg
  • League: Master
  • Spawn Location: 11:00

VOD

Have the link to the VOD?

Description

Time

  • Played on: March 1, 2017, 9:52 a.m.
  • Length: 12:15
Show
View Real Time Build Order
Export as new Build Order

Insite Protoss 

Build Orders: 1 Gate Expand 

Get SALT Encoding   

  12  0:01  Probe (Chrono Boost)  
  13  0:11  Probe (Chrono Boost)  
  14  0:17  Pylon  
  14  0:22  Probe (Chrono Boost)  
  15  0:36  Probe (Chrono Boost)  
  15  0:38  Gateway  
  16  0:47  Assimilator, Probe (Chrono Boost)  
  17  0:58  Probe (Chrono Boost)  
  18  1:08  Probe (Chrono Boost)  
  19  1:19  Probe (Chrono Boost)  
  20  1:26  Nexus  
  20  1:38  Cybernetics Core  
  20  1:42  Probe (Chrono Boost)  
  20  1:45  Assimilator  
  21  1:53  Probe (Chrono Boost)  
  22  1:56  Pylon  
  22  2:04  Probe (Chrono Boost)  
  23  2:12  Adept  
  23  2:13  Pylon  
  25  2:26  Pylon  
  26  2:30  Mothership Core (Chrono Boost)  
  19  2:55  Probe (Chrono Boost)  
  20  2:59  Pylon  
  20  3:02  Probe (Chrono Boost)  
  22  3:05  Probe (Chrono Boost)  
  22  3:06  Adept  
  24  3:16  Warp Gate  
  24  3:17  Probe (Chrono Boost)  
  24  3:19  Probe (Chrono Boost)  
  26  3:31  Probe (Chrono Boost)  
  26  3:33  Probe (Chrono Boost)  
  28  3:44  Probe (Chrono Boost)  
  28  3:48  Gateway  
  29  3:49  Adept  
  29  3:50  Gateway  
  29  3:54  Probe (Chrono Boost)  
  32  4:00  Probe (Chrono Boost)  
  33  4:11  Twilight Council, Probe x2 (Chrono Boost)  
  35  4:22  Probe (Chrono Boost)  
  35  4:23  Adept  
  35  4:24  Probe (Chrono Boost)  
  37  4:33  Probe (Chrono Boost)  
  37  4:36  Probe (Chrono Boost)  
  37  4:38  Resonating Glaives  
  37  4:41  Adept x2  
  41  4:47  Probe (Chrono Boost)  
  41  4:48  Probe (Chrono Boost)  
  43  4:57  Probe (Chrono Boost)  
  44  5:00  Adept  
  44  5:05  Pylon x2  
  46  5:25  Probe (Chrono Boost)  
  47  5:34  Probe (Chrono Boost)  
  46  5:39  Probe (Chrono Boost)  
  45  5:48  Adept x3  
  51  5:50  Probe (Chrono Boost)  
  51  5:52  Probe (Chrono Boost)  
  51  5:55  Assimilator  
  53  6:00  Assimilator, Stargate  
  53  6:04  Stargate  
  53  6:09  Adept  
  55  6:15  Adept  
  55  6:16  Nexus  
  55  6:17  Pylon  
  57  6:19  Adept  
  57  6:20  Pylon  
  57  6:23  Probe (Chrono Boost)  
  61  6:25  Probe (Chrono Boost)  
  61  6:34  Probe (Chrono Boost)  
  61  6:38  Probe (Chrono Boost)  
  63  6:40  Pylon  
  63  6:44  Probe (Chrono Boost)  
  64  6:50  Probe (Chrono Boost)  
  57  7:04  Probe (Chrono Boost)  
  57  7:05  Void Ray  
  57  7:06  Probe (Chrono Boost)  
  51  7:10  Phoenix  
  58  7:16  Probe (Chrono Boost)  
  58  7:18  Probe (Chrono Boost)  
  59  7:23  Pylon  
  59  7:28  Probe (Chrono Boost)  
  59  7:29  Probe (Chrono Boost)  
  61  7:30  Fleet Beacon  
  61  7:34  Probe (Chrono Boost)  
  62  7:39  Probe (Chrono Boost)  
  62  7:41  Probe (Chrono Boost)  
  62  7:43  Pylon  
  64  7:46  Probe (Chrono Boost)  
  64  7:49  Probe (Chrono Boost), Phoenix x2  
  64  7:50  Gateway x2  
  66  7:53  Gateway  
  66  7:56  Adept x3  
  76  8:02  Pylon  
  76  8:03  Pylon  
  76  8:04  Probe (Chrono Boost)  
  77  8:07  Carrier  
  78  8:13  Probe (Chrono Boost)  
  78  8:15  Graviton Catapult  
  84  8:21  Probe (Chrono Boost)  
  84  8:22  Probe (Chrono Boost)  
  84  8:23  Assimilator  
  84  8:24  Carrier  
  86  8:28  Assimilator  
  86  8:29  Probe (Chrono Boost)  
  86  8:31  Probe (Chrono Boost)  
  88  8:41  Pylon  
  94  8:46  Probe (Chrono Boost)  
  95  8:54  Forge  
  95  8:58  Stargate  
  95  9:13  Adept x3  
  95  9:14  Adept x2  
  95  9:25  Carrier  
  95  9:28  Adept  
  95  9:33  Pylon  
  95  9:38  Adept x5, Stargate  
  109  9:39  Pylon  
  109  9:42  Pylon  
  109  9:44  Pylon  
  111  9:49  Carrier  
  111  10:04  Adept x5  
  111  10:05  Adept  
  129  10:23  Carrier x2  
  141  10:29  Adept x2  
  145  10:50  Adept x2  
  145  10:51  Adept x4  
  131  11:16  Adept x5  
  135  11:22  Pylon  
  135  11:24  Pylon  
  135  11:25  Pylon  
  117  11:29  Pylon  
Show
View Real Time Build Order
Export as new Build Order

Shame Zerg - Winner!

Build Orders: Pool First 

Get SALT Encoding   

  12  0:01  Drone  
  13  0:12  Overlord  
  13  0:17  Drone  
  14  0:31  Drone  
  15  0:38  Spawning Pool  
  14  0:44  Drone  
  14  0:46  Drone  
  16  0:51  Drone  
  17  1:14  Hatchery  
  16  1:25  Zergling x6  
  19  1:32  Queen  
  19  1:36  Zergling x2  
  22  1:46  Overlord  
  22  1:59  Drone, Extractor  
  23  2:10  Hatchery  
  22  2:24  Drone x2  
  22  2:27  Queen  
  26  2:35  Drone x2  
  28  2:39  Extractor  
  25  2:54  Drone x3  
  25  2:55  Drone x2  
  28  3:12  Extractor  
  27  3:14  Overlord  
  27  3:15  Roach Warren  
  26  3:43  Queen  
  28  3:51  Queen  
  28  3:55  Roach x6  
  42  4:01  Drone x2  
  44  4:09  Drone  
  45  4:18  Drone x2  
  45  4:20  Ravager x2  
  49  4:26  Drone  
  49  4:28  Overlord  
  50  4:48  Ravager x2  
  50  4:49  Drone x6  
  50  4:50  Overlord  
  58  5:13  Drone x3  
  59  5:16  Drone  
  59  5:17  Drone x6  
  59  5:19  Queen  
  66  5:23  Overlord  
  63  5:40  Metabolic Boost  
  63  5:42  Lair  
  63  5:46  Drone x6  
  63  5:47  Drone x2  
  71  5:55  Evolution Chamber  
  70  5:57  Baneling Nest, Overlord x2  
  70  5:58  Overlord  
  69  6:06  Zergling x2  
  69  6:09  Spore Crawler x2  
  68  6:11  Spore Crawler  
  68  6:12  Pneumatized Carapace  
  68  6:18  Drone x6  
  71  6:21  Zerg Missile Weapons Level 1  
  74  6:26  Roach x4  
  74  6:27  Roach  
  84  6:33  Queen  
  84  6:37  Extractor  
  84  6:39  Extractor  
  84  6:40  Queen  
  84  6:44  Hydralisk Den, Zergling x4  
  84  6:45  Zergling x6  
  83  7:04  Zergling x2  
  83  7:05  Zergling x12  
  90  7:14  Muscular Augments  
  90  7:27  Overlord x2  
  90  7:28  Overlord  
  90  7:31  Extractor  
  90  7:32  Extractor  
  88  7:43  Drone x2  
  90  7:46  Hydralisk x7  
  90  7:48  Drone  
  90  7:49  Drone x9  
  112  8:04  Overlord x3  
  112  8:05  Overlord x3  
  112  8:17  Nydus Network  
  108  8:22  Queen x3  
  108  8:23  Hydralisk x4  
  122  8:41  Hydralisk x2  
  122  8:42  Hydralisk x5  
  136  8:55  Nydus Canal  
  136  9:02  Queen x3  
  142  9:09  Hydralisk x5  
  152  9:23  Overlord x4  
  149  9:32  Baneling Nest  
  147  9:48  Hatchery  
  147  9:51  Hydralisk x2  
  147  9:52  Hydralisk  
  150  9:59  Nydus Canal  
  143  10:00  Hydralisk x4  
  143  10:01  Hydralisk x3  
  155  10:10  Queen x2  
  155  10:12  Queen  
  156  10:25  Hydralisk x2  
  156  10:26  Hydralisk x3  
  166  10:47  Hydralisk x5  
  166  11:02  Hydralisk x5  
  165  11:12  Hydralisk x4  
  173  11:21  Hydralisk x4  
  181  11:27  Queen  
  181  11:44  Hydralisk  
  181  11:46  Overlord x3  
Tags
 
Add a new tag
Caveats
  • Supply blocks, unpowered buildings, or Contaminate may cause inaccurate times.
  • Supply counts are checked every 10 seconds.